 Dungeon Crawl Stone Soup version 0.18-a0-1299-ge3c6ce7 (console) character file.

891 FIQ the Poker (level 7, -9/54 HPs)
             Began as a Demonspawn Gladiator on Feb 11, 2016.
             Mangled by Gottschkopf's ghost (15 damage)
             ... on level 5 of the Dungeon.
             The game lasted 00:14:37 (4296 turns).

FIQ the Poker (Demonspawn Gladiator)                Turns: 4296, Time: 00:14:37

Health: -9/54      AC:  4    Str: 15    XL:     7   Next: 77%
Magic:  7/7        EV: 14    Int:  9    God:    Xom [..*...]
Gold:   219        SH:  6    Dex: 18    Spells: 0 memorised, 6 levels left

rFire  . . .     SeeInvis +     a - +1 trident
rCold  + . .     Gourm    +     o - +0 leather armour {rC+}
rNeg   . . .     Faith    .     t - +1 buckler
rPois  .         Spirit   .     (helmet unavailable)
rElec  .         Dismiss  .     (no cloak)
rCorr  .         Reflect  .     (no gloves)
SustAt .         Harm     .     (no boots)
MR     +....                    C - amulet of the gourmand
Stlth  +.........               p - ring of protection from magic
                                v - +2 ring of dexterity

@: flying, very slightly contaminated, invisible, somewhat resistant to hostile
enchantments, very unstealthy
A: antennae 3, molten scales 1, spiny 1
a: Renounce Religion


You were on level 5 of the Dungeon.
You worshipped Xom.
You were a toy of Xom.
You were not hungry.

You visited 1 branch of the dungeon, and saw 5 of its levels.
You also visited: Ossuary.

You collected 471 gold pieces.
You spent 252 gold pieces at shops.

Inventory:

Hand Weapons
 a - a +1 trident (weapon)
Missiles
 d - 4 throwing nets (quivered)
Armour
 o - a +0 leather armour of cold resistance (worn)
 t - a +1 buckler (worn)
Jewellery
 b - a +4 ring of intelligence
 p - a ring of protection from magic (right hand)
 v - a +2 ring of dexterity (left hand)
 y - an uncursed ring of flight
 C - an amulet of the gourmand (around neck)
Scrolls
 e - 2 scrolls of identify
 g - a scroll of recharging
 h - a scroll of enchant armour
 l - 2 scrolls of remove curse
 n - 2 scrolls of random uselessness
 q - 3 scrolls of teleportation
 r - 2 scrolls of fog
 s - 2 scrolls of noise
 z - a scroll of fear
Potions
 i - a potion of curing
 j - 4 potions of flight
 k - a potion of haste
 u - 2 potions of resistance
 w - a potion of cancellation
 x - 2 potions of degeneration
 A - a potion of berserk rage
 B - a potion of brilliance
 D - a potion of invisibility
Comestibles
 c - a beef jerky
 f - 4 bread rations
 m - a slice of pizza


   Skills:
 + Level 4.2 Fighting
 * Level 5.5 Polearms
 - Level 1.7 Throwing
 + Level 3.0 Armour
 + Level 4.2 Dodging
 + Level 2.5 Shields


You had 6 spell levels left.
You didn't know any spells.

Dungeon Overview and Level Annotations

Branches:
Dungeon (5/15)
 Temple: D:4-7

Altars:
Elyvilon
Okawaru
Qazlal
Xom
Zin

Shops:
D:4 [!

Annotations:
D:5 Gottschkopf's ghost, novice MiFi


Innate Abilities, Weirdness & Mutations

You have a pair of large antennae on your head (SInv).
You are partially covered in molten scales (AC +1).
You are partially covered in sharp spines.


Message History

It was a potion of invisibility.
You fade into invisibility!
Gottschkopf's ghost completely misses you.
You are very lightly contaminated with residual magic.
You hit Gottschkopf's ghost.
Gottschkopf's ghost is almost destroyed.
Gottschkopf's ghost misses you.
You hit Gottschkopf's ghost.
Gottschkopf's ghost is almost destroyed.
Gottschkopf's ghost hits you!
* * * LOW HITPOINT WARNING * * *
You are too injured to fight recklessly!
You are too injured to fight recklessly!
You are too injured to fight recklessly!
You are too injured to fight recklessly!
You hit Gottschkopf's ghost.
Gottschkopf's ghost is almost destroyed.
Gottschkopf's ghost is struck by your spines.
Gottschkopf's ghost hits you!
You die...

## #### #. {..# ########
####'####.# #......#
#≈§≈§≈≈≈#.###.####.#
#≈§...§≈#..>....##.#
####≈. #§.≈##....#.##.#
#..'..###b.'...###..#.##
#§..#.(≈#........#...
#≈§.Z.§§###.#....####
#≈b≈W≈§§# #.#.###....
#######@#### #.' # #...
..........# #### ##
.......<..$.#
......$..#### .....b...#
.........# .........#
.........# .........#


You could see Gottschkopf's ghost (invisible) and an adder zombie.

Vanquished Creatures
  A phantom (D:4)
  2 ogres
  A centaur (D:5)
  2 elf zombies (Ossuary)
  A scorpion (D:4)
  A hound (D:4)
  3 human zombies (Ossuary)
  A giant frog skeleton (D:5)
  A worker ant (D:5)
  5 mummies
  A worker ant zombie (D:4)
  6 adders
  An adder skeleton (D:4)
  An adder zombie (Ossuary)
  4 worms
  A giant gecko (D:3)
  4 orcs
  6 giant cockroaches
  6 goblins
  6 hobgoblins
  6 kobolds
  3 ball pythons
  9 bats
  3 giant newts (D:1)
  A goblin zombie (Ossuary)
  A hobgoblin zombie (Ossuary)
  A kobold zombie (Ossuary)
  9 rats
87 creatures vanquished.

Vanquished Creatures (others)
  An adder zombie (Ossuary)
  A goblin zombie (Ossuary)
  A jackal zombie (Ossuary)
3 creatures vanquished.

Grand Total: 90 creatures vanquished

Notes
Turn   | Place    | Note
--------------------------------------------------------------
     0 | D:1      | FIQ the Demonspawn Gladiator began the quest for the Orb.
     0 | D:1      | Reached XP level 1. HP: 16/16 MP: 1/1
   121 | D:1      | Gained mutation: You have a pair of small antennae on your head. [demonic ancestry]
   121 | D:1      | Reached XP level 2. HP: 22/22 MP: 2/2
   363 | D:1      | Reached skill level 3 in Polearms
   929 | D:2      | Found an iron altar of Okawaru.
   974 | D:2      | Reached skill level 1 in Armour
   974 | D:2      | Gained mutation: You are partially covered in sharp spines. [demonic ancestry]
   974 | D:2      | Reached XP level 3. HP: 2/28 MP: 3/3
   974 | D:2      | HP: 1/28 [poisoned by an adder]
  1299 | D:2      | Found a shimmering altar of Xom.
  1302 | D:2      | Noticed an angel
  1304 | D:2      | Found a glowing silver altar of Zin.
  1390 | D:2      | Became a worshipper of Xom the Fickle
  1409 | D:2      | XOM: harmless Divn miscast
  1458 | D:2      | XOM: divination: detect creatures
  1738 | D:3      | Gained mutation: You have a pair of antennae on your head. [demonic ancestry]
  1738 | D:3      | Reached XP level 4. HP: 31/34 MP: 4/4
  2129 | D:4      | Noticed a phantom
  2135 | D:4      | XOM: potion effect (berserk rage)
  2140 | D:4      | XOM: cast spell 'Confusing Touch'
  2142 | D:4      | XOM: divination: detect creatures
  2167 | D:4      | Killed a phantom
  2167 | D:4      | Gained mutation: You are partially covered in molten scales (AC +1). [demonic ancestry]
  2167 | D:4      | Reached XP level 5. HP: 38/41 MP: 5/5
  2210 | D:4      | XOM: harmless Fire miscast
  2214 | D:4      | Reached skill level 1 in Shields
  2228 | D:4      | XOM: harmless Hex miscast
  2337 | D:4      | Reached skill level 4 in Polearms
  2428 | D:4      | Found Vygakas's Distillery.
  2436 | D:4      | Bought a potion of cancellation for 112 gold pieces
  2436 | D:4      | Bought a potion of degeneration for 14 gold pieces
  2436 | D:4      | Bought a potion of agility for 56 gold pieces
  2436 | D:4      | Bought a potion of berserk rage for 70 gold pieces
  2773 | D:4      | Noticed an ogre
  2780 | D:4      | Killed an ogre
  2780 | D:4      | Gained mutation: You have a pair of large antennae on your head (SInv). [demonic ancestry]
  2780 | D:4      | Reached XP level 6. HP: 14/47 MP: 6/6
  3123 | D:4      | Found Gompyabe's Antique Armour Shoppe.
  3324 | D:4      | Found a stormy altar of Qazlal.
  3325 | D:4      | Found a white marble altar of Elyvilon.
  3335 | D:4      | XOM: silly message
  3353 | D:4      | XOM: divination: detect creatures
  3460 | D:4      | XOM: harmless Pois miscast
  3595 | D:4      | XOM: harmless Ice miscast
  3607 | D:5      | Entered Level 5 of the Dungeon
  3610 | D:5      | Found a sand-covered staircase.
  3658 | Ossuary  | Entered an ossuary
  3704 | Ossuary  | XOM: cast spell 'Olgreb's Toxic Radiance'
  3708 | Ossuary  | Reached XP level 7. HP: 25/53 MP: 7/7
  3734 | Ossuary  | Reached skill level 5 in Polearms
  4266 | D:5      | Noticed Gottschkopf's ghost (novice MiFi)
  4278 | D:5      | XOM is BORED!
  4278 | D:5      | XOM: enchant monster (bad)
  4289 | D:5      | XOM: butterfly on damage
  4296 | D:5      | Mangled by Gottschkopf's ghost

Vault maps used:
D:1:      lightli_arrival_statue_moat
D:2:      grunt_temple_overflow_order_and_chaos_1, okawaru_metal_pillars_1_2,
          first_bread
D:3:      grunt_decor_cap, grunt_ministairs_9
D:4:      gammafunk_temple_overflow_statue, serial_shops, kennysheep_little_box,
          nicolae_shop_trees
D:5:      marbit_many_paths, minmay_temple_entry_statues_pillars,
          nicolae_ossuary_entry_giza, kennysheep_generic_room_8
Ossuary:  ossuary_minmay_tomb_2a

Action                   |  1- 3 |  4- 6 |  7- 9 || total
-------------------------+-------+-------+-------++-------
Melee: Trident           |   132 |   104 |    79 ||   315
Throw: Throwing net      |       |       |     1 ||     1
  Use: Potion            |     3 |     4 |     5 ||    12
       Scroll            |       |     9 |     1 ||    10
 Stab: Sleeping          |     4 |     2 |     1 ||     7
  Eat: Chunk             |     3 |     7 |     5 ||    15
